 Dungeon Crawl Stone Soup version 0.24.0-37-gcf1ca852f1 (webtiles) character file.

Game seed: 17071741513509992649, levelgen mode: deterministic

1911414 iamserjio the Slayer (level 27, 207/207 HPs)
             Began as an Octopode Enchanter on Nov 20, 2019.
             Was the Champion of Okawaru.
             Escaped with the Orb
             ... and 4 runes on Nov 21, 2019!
             The game lasted 03:50:45 (108365 turns).

iamserjio the Slayer (Octopode Enchanter)         Turns: 108365, Time: 03:50:46

Health: 207/207    AC:  5    Str: 24    XL:     27
Magic:  41/41      EV: 28    Int: 24    God:    Okawaru [******]
Gold:   4531       SH: 19    Dex: 18    Spells: 0/54 levels left

rFire    + + +     SeeInvis .   a - +5 broad axe (vamp)
rCold    + . .     Gourm    .   g - +5 shield {reflect}
rNeg     + + +     Faith    .   e - +2 hat {MR+}
rPois    .         Spirit   .   t - amulet of magic regeneration
rElec    .         Reflect  +   X - ring of Utechavi {Fire +Blink rN++}
rCorr    .         Harm     .   E - ring "Cuduwky" {rC+ rN+ Int+2}
MR       ++++.     Rnd*Rage +   W - +2 ring of slaying
Stlth    ++........             I - ring of the Mackerel {*Drain rF+ MP+9 Str+6}
HPRegen  0.44/turn              w - +5 ring of intelligence
MPRegen  0.52/turn              U - ring of Xowati {rC+ Slay+5}
                                O - ring of protection from magic
                                J - +5 ring of dexterity

@: deflect missiles
A: almost no armour, stealthy swim, amphibious, 8 rings, constrict 8, iridescent
scales 1, camouflage 1, berserk 1, dopey 1, fire resistance 1, low mp 2,
gelatinous body 1, evolution 1
0: Orb of Zot
}: 4/15 runes: decaying, slimy, silver, gossamer
a: Heroism, Finesse, Renounce Religion, Evoke Blink


You escaped.
You worshipped Okawaru.
Okawaru was exalted by your worship.
You were not hungry.

You visited 12 branches of the dungeon, and saw 58 of its levels.
You visited 1 ziggurat, and saw 7 of its levels.
You also visited: Wizlab.

You collected 8531 gold pieces.
You spent 4000 gold pieces at shops.

Inventory:

Hand Weapons
 a - a +5 vampiric broad axe (weapon)
 u - the +7 morningstar of Descent {speed, MR+ Str+2 Dex+3 SInv}
   (Okawaru gifted it to you on level 2 of the Spider Nest)

   Attacks with this weapon are significantly faster.
   It affects your strength (+2).
   It affects your dexterity (+3).
   It affects your resistance to hostile enchantments.
   It lets you see invisible.
 L - a +9 antimagic broad axe
Missiles
 N - 4 throwing nets (quivered) {!f}
Armour
 e - a +2 hat of magic resistance (worn)
 g - a +5 shield of reflection (worn)
Jewellery
 d - the ring "Trusted Companion" {-Tele rElec rF- rN++ MP+9}
   (You acquired it on level 3 of the Vaults)

   [ring of magical power]

   It makes you vulnerable to fire.
   It insulates you from electricity.
   It greatly protects you from negative energy.
   It affects your magic capacity (+9).
   It prevents most forms of teleportation.
 n - an uncursed ring of protection from fire
 o - an uncursed ring of resist corrosion
 t - an amulet of magic regeneration (around mantle)
 w - a +5 ring of intelligence (on tentacle)
 y - the ring of Arphatwa {Fire rPois Dex+6}
   (You bought it in a shop on level 2 of the Orcish Mines)

   [ring of fire]

   It enhances your fire magic.
   It affects your dexterity (+6).
   It protects you from fire.
   It makes you vulnerable to cold.
   It protects you from poison.
 E - the ring "Cuduwky" (right tentacle) {rC+ rN+ Int+2}
   (You bought it in a shop on level 2 of the Orcish Mines)

   [ring of protection from cold]

   It affects your intelligence (+2).
   It protects you from cold.
   It protects you from negative energy.
 I - the ring of the Mackerel (on tentacle) {*Drain rF+ MP+9 Str+6}
   (You found it on level 5 of a ziggurat)

   [ring of magical power]

   It affects your strength (+6).
   It protects you from fire.
   It affects your magic capacity (+9).
   It causes draining when unequipped.
 J - a +5 ring of dexterity (on tentacle)
 O - a ring of protection from magic (on tentacle)
 T - an uncursed ring of see invisible
 U - the ring of Xowati (on tentacle) {rC+ Slay+5}
   (You found it on level 3 of the Depths)

   [ring of slaying]

   It affects your accuracy and damage with ranged weapons and melee attacks
   (+5).
   It protects you from cold.
 V - an uncursed ring of wizardry
 W - a +2 ring of slaying (on tentacle)
 X - the ring of Utechavi (left tentacle) {Fire +Blink rN++}
   (You bought it in a shop on level 2 of the Orcish Mines)

   [ring of fire]

   It enhances your fire magic.
   It protects you from fire.
   It makes you vulnerable to cold.
   It greatly protects you from negative energy.
   It lets you blink.
Wands
 v - a wand of clouds (7)
 C - a wand of iceblast (18)
 D - a wand of acid (25)
 K - a wand of enslavement (54)
 Y - a wand of paralysis (39)
Scrolls
 i - 5 scrolls of holy word
 l - 11 scrolls of fear
 m - 4 scrolls of blinking
 q - 5 scrolls of identify {@r1}
 s - 22 scrolls of teleportation {@r3}
 B - 10 scrolls of fog
 P - 2 scrolls of summoning
Potions
 f - a potion of cancellation
 p - 11 potions of heal wounds
 r - 8 potions of lignification
 x - 28 potions of curing {@q1}
 A - 6 potions of ambrosia
 G - 3 potions of agility
 H - 6 potions of brilliance
 M - 5 potions of might
 R - 3 potions of magic
 S - 6 potions of invisibility
 Z - a potion of haste
Miscellaneous
 b - 3 sacks of spiders
 j - 4 boxes of beasts
 k - 5 phantom mirrors
 Q - a phial of floods
Comestibles
 c - 42 rations


   Skills:
 - Level 22.0 Fighting
   Level 2.0 Short Blades
 - Level 16.8(18.0) Axes
 - Level 12.0(15.7) Maces & Flails
 - Level 18.0 Dodging
 - Level 10.2 Stealth
 + Level 13.0 Shields
 - Level 14.0 Spellcasting
   Level 1.0 Conjurations
 - Level 12.0 Hexes
 - Level 6.7 Charms
 - Level 15.0 Summonings
 - Level 5.0 Necromancy
 - Level 15.0 Translocations
 - Level 9.4 Transmutations
 - Level 7.0 Air Magic
 - Level 9.0 Earth Magic
   Level 1.0 Poison Magic
 - Level 9.0 Invocations
 + Level 18.7 Evocations


You couldn't memorise any spells.
You knew the following spells:

 Your Spells              Type           Power        Failure   Level  Hunger
a - Silence               Hex/Air        ######....   2%          5    ###....
b - Deflect Missiles      Chrm/Air       #####.....   38%         6    #####..
c - Passwall              Tmut/Erth      ######..     1%          2    None
d - Regeneration          Chrm/Necr      #####.....   1%          3    None
e - Summon Lightning Spi  Summ/Air       ######..     1%          4    None
f - Invisibility          Hex            ######..     4%          6    #####..
g - Malign Gateway        Summ/Tloc      ######....   8%          7    ######.
h - Summon Horrible Thin  Summ           ######....   52%         8    #######
i - Animate Dead          Necr           N/A          5%          4    None
j - Summon Butterflies    Summ           ######..     0%          1    None
k - Shadow Creatures      Summ           N/A          1%          6    #####..
l - Blink                 Tloc           N/A          0%          2    None

Your spell library contained the following spells:

 Spells                   Type           Power        Failure   Level  Hunger
 Apportation              Tloc           ######       0%          1    None
 Summon Small Mammal      Summ           ####         0%          1    None
 Call Imp                 Summ           ######..     0%          2    None
 Animate Skeleton         Necr           N/A          1%          1    None
 Beastly Appendage        Tmut           ######       1%          1    None
 Confusing Touch          Hex            ######       1%          1    None
 Corona                   Hex            ######.      1%          1    None
 Infusion                 Chrm           ####         1%          1    None
 Pain                     Necr           ####         1%          1    None
 Sandblast                Erth           ######       1%          1    None
 Ensorcelled Hibernation  Hex/Ice        #####.       1%          2    None
 Poisonous Vapours        Pois/Air       #####.       1%          2    None
 Shroud of Golubria       Chrm/Tloc      ######       1%          2    None
 Slow                     Hex            ######..     1%          2    None
 Song of Slaying          Chrm           #####...     1%          2    None
 Sticks to Snakes         Tmut           ######..     1%          2    None
 Swiftness                Chrm/Air       #####...     1%          2    None
 Call Canine Familiar     Summ           ######..     1%          3    None
 Confuse                  Hex            ######..     1%          3    None
 Dazzling Spray           Conj/Hex       #####.       1%          3    None
 Gell's Gravitas          Tloc           ######....   1%          3    None
 Inner Flame              Hex/Fire       ######..     1%          3    None
 Lesser Beckoning         Tloc           ######....   1%          3    None
 Portal Projectile        Hex/Tloc       ######       1%          3    None
 Recall                   Summ/Tloc      N/A          1%          3    None
 Spectral Weapon          Hex/Chrm       ######..     1%          3    None
 Spider Form              Tmut/Pois      #####.....   1%          3    None
 Stone Arrow              Conj/Erth      #####.       1%          3    None
 Summon Guardian Golem    Hex/Summ       ######..     1%          3    None
 Teleport Other           Tloc           ######..     1%          3    None
 Tukima's Dance           Hex            ######..     1%          3    None
 Vampiric Draining        Necr           #####.....   1%          3    None
 Cause Fear               Hex            ######....   1%          4    None
 Force Lance              Conj/Tloc      ######..     1%          4    None
 Leda's Liquefaction      Hex/Erth       ######....   1%          4    None
 Petrify                  Tmut/Erth      ######..     1%          4    None
 Summon Ice Beast         Ice/Summ       ######..     1%          4    None
 Aura of Abjuration       Summ           ######....   1%          5    ###....
 Summon Demon             Summ           ######....   1%          5    ###....
 Summon Forest            Summ/Tloc      ######....   1%          5    ###....
 Summon Mana Viper        Hex/Summ       ######..     1%          5    ###....
 Yara's Violent Unravell  Hex/Tmut       ######....   1%          5    ###....
 Static Discharge         Conj/Air       #####...     2%          3    None
 Blade Hands              Tmut           ######....   2%          5    ###....
 Flame Tongue             Conj/Fire      ####.        3%          1    None
 Magic Dart               Conj           ###.         3%          1    None
 Sting                    Conj/Pois      ###.         3%          1    None
 Ignite Poison            Fire/Tmut/Pois ######..     3%          3    None
 Mephitic Cloud           Conj/Pois/Air  ####....     3%          3    None
 Lee's Rapid Deconstruct  Erth           ######....   3%          5    ###....
 Freeze                   Ice            ###.         4%          1    None
 Darkness                 Hex            ######....   4%          6    #####..
 Throw Frost              Conj/Ice       ###...       5%          2    None
 Ice Form                 Ice/Tmut       #####...     6%          4    None
 Monstrous Menagerie      Summ           ######....   8%          7    ######.
 Summon Greater Demon     Summ           ######....   8%          7    ######.
 Summon Hydra             Summ           ######....   8%          7    ######.
 Conjure Flame            Conj/Fire      ####....     11%         3    None
 Metabolic Englaciation   Hex/Ice        #####.....   11%         5    ###....
 Alistair's Intoxication  Tmut/Pois      #####...     14%         5    ###....
 Irradiate                Conj/Tmut      #####.....   14%         5    ###....
 Hydra Form               Tmut           ######....   14%         6    #####..
 Statue Form              Tmut/Erth      ######...    16%         6    #####..
 Lightning Bolt           Conj/Air       #####.....   24%         5    ###....
 Iskenderun's Battlesphe  Conj/Chrm      #####...     26%         5    ###....
 Olgreb's Toxic Radiance  Pois           ###.....     28%         4    None
 Bolt of Magma            Conj/Fire/Erth #####.....   30%         5    ###....
 Throw Icicle             Conj/Ice       ###.....     34%         4    None
 Disjunction              Tloc           ######....   52%         8    #######
 Dragon Form              Tmut           ######....   61%         7    ######.
 Venom Bolt               Conj/Pois      ###.......   63%         5    ###....
 Iron Shot                Conj/Erth      #####.....   65%         6    #####..
 Conjure Ball Lightning   Conj/Air       #####.....   78%         6    #####..
 Spellforged Servitor     Conj/Summ      ######....   80%         7    ######.
 Freezing Cloud           Conj/Ice/Air   ####......   92%         6    #####..
 Simulacrum               Ice/Necr       ####......   94%         6    #####..
 Bolt of Cold             Conj/Ice       ###.......   99%         6    #####..
 Bolt of Fire             Conj/Fire      ####......   99%         6    #####..
 Poison Arrow             Conj/Pois      ###.......   99%         6    #####..
 Ozocubu's Refrigeration  Ice            ###.......   100%        6    #####..
 Orb of Destruction       Conj           ###.......   100%        7    ######.
 Ring of Flames           Chrm/Fire      #####.....   100%        7    ######.
 Chain Lightning          Conj/Air       #####.....   100%        8    #######
 Ignition                 Fire           ####......   100%        8    #######
 Lehudib's Crystal Spear  Conj/Erth      #####.....   100%        8    #######
 Dragon's Call            Summ           ######....   100%        9    #######
 Fire Storm               Conj/Fire      ####......   100%        9    #######
 Glaciate                 Conj/Ice       ###.......   100%        9    #######
 Shatter                  Erth           ######....   100%        9    #######
 Tornado                  Air            ######....   100%        9    #######
 Passage of Golubria      Tloc           Unusable     N/A         4    N/A

Dungeon Overview and Level Annotations

Branches:
Dungeon (15/15)            Temple (1/1) D:5            Lair (6/6) D:9
  Swamp (4/4) Lair:4       Spider (4/4) Lair:4        Slime (5/5) Lair:6
    Orc (2/2) D:9             Elf (3/3) Orc:2        Vaults (5/5) D:14
  Crypt (3/3) Vaults:2       Tomb (0/3) Crypt:3      Depths (5/5) D:15
    Zot (5/5) Depths:5     WizLab (visited)

Altars:
Ashenzari
Cheibriados
Dithmenos
Elyvilon
Fedhas
Gozag
Hepliaklqana
Kikubaaqudgha
Makhleb
Nemelex Xobeh
Okawaru
Qazlal
Ru
Sif Muna
Trog
Uskayaw
Vehumet
Wu Jian
Xom
Yredelemnul
Zin
The Shining One
Jiyva

Shops:
D:6 %   D:10 (   Orc:2 *(=[?   Vaults:1 %%?[   Vaults:3 [

Portals:
Hell: Depths:1 Depths:2 Depths:3 Depths:4 Depths:5
Abyss: Depths:2 Depths:4
Pandemonium: Depths:3

Annotations:
D:12 4 runed translucent doors
Vaults:3 1 exclusion


Innate Abilities, Weirdness & Mutations

You cannot wear most types of armour.
You are very stealthy in the water. (Stealth+)
You are amphibious.
You can wear up to eight rings at the same time.
You can use your tentacles to constrict eight enemies at once.
Your skin changes colour to match your surroundings (Stealth+).
Your rubbery body absorbs attacks. (AC +1, EV +1)
You are partially covered in iridescent scales. (AC +2)
You tend to lose your temper in combat.
You are dopey. (Int -2)
Your flesh is heat resistant. (rF+)
Your magical capacity is very low. (-20% MP)
You evolve.


Message History

(V) Vaults (C) Crypt (W) Tomb (U) Depths (H) Hell (Z) Zot
Where to? (Enter - D:1, ? - help)
What level of the Dungeon? (default 1, ? - help)
There is a stone staircase leading up here.
You climb upwards.
There is a stone staircase leading down here.
A shadow demon comes into view.
The shadow demon moves out of view.
Casting: Invisibility (safe; 4% risk of failure)
Okay, then.
Casting: Invisibility (safe; 4% risk of failure)
Aiming: Passwall (safe; 1% risk of failure)
A rock wall.
This square is covered in magical glow.
You begin to meditate on the wall.
You continue meditating on the rock. x2
You finish merging with the rock.
A hell hound comes into view.
There is a staircase leading out of the dungeon here.
You have escaped!

.###..).h###.# #.#####..# .#
#......##.# #...##..######
####.......#######..........#
....##......##........####.##
...#####.....##......#####.#
....######....##.....# #...#
##....######...##....###.###
#####.....####..##.......# .#
#..##...####@#[.).####
.#####...##....######.#
.....###..............#
####.###########.###########
#.>....######...........#
######.....######.......#
#####....รท.........#
#########......# #......#


There were no monsters in sight!

Vanquished Creatures
  the Royal Jelly (Slime:5)
  4 orbs of fire
  6 ancient liches
  3 juggernauts
  Sojobo (Crypt:1)
  4 Killer Klowns (Zot:5)
  Saint Roka (Vaults:3)
  Bai Suzhen (Spider:3)
  The ghost of GrandCleric the Slayer, a veteran MiFi of Okawaru (Depths:3)
  A caustic shrike (Depths:2)
  Nikola (Swamp:4)
  Jory (Vaults:4)
  4 golden dragons
  A pandemonium lord (Zot:4)
  A profane servitor (Zot:2)
  4 electric golems
  10 tentacled monstrosities
  7 liches
  The ghost of WiseOSalty the Warrior, an adept DsFi of Qazlal (Elf:2)
  Rupert (Lair:3)
  Asterion (Vaults:3)
  17 Orb Guardians (Zot:5)
  2 quicksilver dragons
  7 deep elf blademasters
  A titan (Vaults:5)
  A deep elf master archer (Elf:3)
  5 death cobs
  An eldritch tentacle (Depths:2)
  11 acid blobs
  Kirke (Swamp:2)
  10 ancient champions
  4 thorn hunters
  The ghost of Linguinho the Grappler, an adept TrFi of the Shining One (Elf:1)
  Agnes (Spider:2)
  5 sphinxes
  6 tengu reavers
  11 fire giants
  6 shadow dragons
  6 storm dragons
  A revenant (Crypt:2)
  2 draconian monks
  10 azure jellies
  Roxanne (Swamp:2)
  A draconian knight (Zot:3)
  6 frost giants
  Aizul (Vaults:2)
  6 draconian shifters
  10 vault wardens
  The ghost of swinepaste the Fencer, a journeyman DsMo of Wu Jian (Swamp:2)
  7 ghost moths
  10 deep elf sorcerers
  A cacodemon (Zig:7)
  4 iron dragons
  8 emperor scorpions
  2 balrugs
  A warmonger (Zig:7)
  The ghost of RandomHacker the Spry, an adept DECj of Vehumet (Swamp:3)
  2 draconian scorchers
  3 draconian stormcallers
  An orc warlord (Orc:1)
  3 deep elf elementalists (Elf:3)
  18 ironheart preservers
  24 very ugly things
  14 ghouls
  A spriggan defender (Depths:4)
  2 draconian annihilators
  8 vampire knights
  8 entropy weavers
  2 war gargoyles (Vaults:5)
  3 black draconians
  22 stone giants
  A corrupter (Zig:2)
  8 deep elf annihilators
  8 green draconians
  6 deep elf demonologists
  A dire elephant (Depths:2)
  The ghost of zxcv the Warrior, a journeyman HOMo of Beogh (Lair:3)
  4 red draconians
  6 purple draconians
  2 yellow draconians (Zot:5)
  5 spark wasps
  20 ettins
  3 white draconians
  16 death oozes
  Snorg (D:13)
  5 eidola
  A green death (Zot:1)
  The ghost of Bigaod the Fighter, a journeyman DsGl of Ru (Orc:1)
  6 jiangshi
  11 fire dragons
  A blizzard demon (Zig:7)
  14 deep elf death magi
  3 deep elf high priests
  19 yaktaur captains
  5 rakshasas
  15 ogre magi
  A quicksilver dragon zombie (Crypt:3)
  A hell beast (Depths:2)
  8 ice dragons
  4 spriggan air magi
  30 vault guards
  6 great orbs of eyes
  A quicksilver dragon skeleton (Crypt:1)
  Harold (D:11)
  Erolcha (D:13)
  20 hydras
  A naga warrior (Orc:1)
  10 centaur warriors
  2 catoblepae (Depths:2)
  3 shambling mangroves
  4 death knights
  3 ghost crabs
  An anaconda (Depths:2)
  28 dancing weapons
  33 two-headed ogres
  11 deep troll shamans
  10 alligators
  6 death yaks
  2 orc high priests (Orc:2)
  11 deep troll earth magi
  4 tengu warriors
  6 spriggan berserkers
  2 titan zombies
  A soul eater (Crypt:3)
  5 vampire magi
  19 hell knights
  2 sun demons (Depths:1)
  A storm dragon skeleton (Crypt:3)
  3 shadow wraiths
  24 deep elf knights
  2 fire crabs (shapeshifter)
  17 skeletal warriors
  7 glowing orange brains
  An unseen horror (shapeshifter) (D:13)
  3 unseen horrors
  4 spriggan druids
  9 swamp dragons
  11 flayed ghosts
  A golden dragon skeleton (Crypt:3)
  26 deep trolls
  A lindwurm (Depths:2)
  8 phantasmal warriors
  2 shadow demons
  15 deep elf archers
  15 ironbrand convokers
  A spectral hydra (Swamp:2)
  6 wizards
  A wolf spider zombie (D:13)
  14 harpies
  16 necromancers
  A tengu skeleton (Vaults:2)
  An anaconda skeleton (Crypt:3)
  The ghost of H0rd4k the Thaumaturge, a novice DEWz (D:8)
  A shadow dragon zombie (Crypt:3)
  22 orb spiders
  13 orc knights
  3 fire giant zombies
  2 oklob plants (Lair:4)
  4 orc sorcerers
  33 wolf spiders
  A wolf spider (shapeshifter) (Depths:4)
  4 cyclopes
  74 deep elf magi
  2 manticores
  A salamander (Depths:1)
  13 moths of wrath
  2 spectral alligators (Swamp:2)
  A stone giant zombie (Vaults:3)
  58 ugly things
  15 elephants
  3 guardian serpents
  16 vault sentinels
  12 black mambas
  A titan simulacrum (Crypt:3)
  A shock serpent zombie (Crypt:1)
  3 guardian serpents (shapeshifter)
  A frost giant skeleton (Crypt:1)
  An orange demon (Zig:7)
  A rust devil (Zig:4)
  3 smoke demons
  2 gargoyles (D:14)
  A dire elephant zombie (Crypt:3)
  4 torpor snails
  30 spiny frogs
  5 spectral swamp worms (Depths:5)
  3 rime drakes
  8 komodo dragons
  2 efreet
  10 demonic crawlers
  11 freezing wraiths
  46 yaktaurs
  A guardian mummy (Crypt:3)
  2 hellions
  3 tormentors
  A pale draconian skeleton (Crypt:1)
  A red devil (Zot:2)
  2 yaktaur skeletons
  A queen bee (shapeshifter) (Depths:1)
  30 jumping spiders
  3 trolls
  10 tyrant leeches
  3 tengu conjurers
  2 hydra zombies
  A meliai zombie (Crypt:1)
  94 slime creatures
  A death drake skeleton (Crypt:2)
  5 raiju
  30 hornets
  10 polar bears
  7 blink frogs
  A harpy skeleton (D:15)
  11 hippogriffs
  10 bog bodies
  A dream sheep (shapeshifter) (D:14)
  An ettin zombie (Crypt:3)
  A human simulacrum (Vaults:1)
  A shock serpent simulacrum (Crypt:1)
  A spectral tyrant leech (Swamp:2)
  71 redbacks
  A frost giant simulacrum (Vaults:1)
  Sigmund (D:2)
  A shapeshifter (Depths:1)
  5 vampires
  An alligator skeleton (Crypt:3)
  7 air elementals
  16 flying skulls
  25 tarantellas
  12 spriggans
  2 shadows
  A spriggan (shapeshifter) (Depths:2)
  10 wyverns
  10 wraiths
  An ettin skeleton (Vaults:2)
  A hog (shapeshifter) (Depths:4)
  71 yaks
  An orc simulacrum (Vaults:3)
  10 water elementals
  An ushabti (Zig:5)
  A dire elephant simulacrum (Crypt:3)
  A basilisk (shapeshifter) (Elf:1)
  19 humans (D:14)
  A human (shapeshifter) (Depths:4)
  10 golden eyes (Slime:4)
  Eustachio (D:4)
  20 vampire mosquitoes
  A golden eye (shapeshifter) (Vaults:1)
  A hog (Swamp:2)
  A hungry ghost (D:8)
  A chaos spawn (Zot:4)
  5 fire bats
  5 basilisks
  A catoblepas simulacrum (Crypt:3)
  2 fire elementals (Elf:1)
  2 spatial vortices (Depths:2)
  8 wargs
  2 acid dragons
  11 insubstantial wisps
  13 swamp worms
  A monstrous demonspawn zombie (Crypt:2)
  A soldier ant (shapeshifter) (Vaults:4)
  16 water moccasins
  An acid dragon (shapeshifter) (Depths:5)
  15 hell hounds
  A water nymph skeleton (Crypt:2)
  5 ice beasts
  A floating eye (Depths:4)
  A floating eye (shapeshifter) (Depths:5)
  11 porcupines
  11 swamp drakes
  5 sky beasts
  43 orc warriors
  3 phantoms
  12 black bears
  An alligator simulacrum (Swamp:2)
  4 eyes of draining
  5 necrophages
  A blink frog zombie (Crypt:3)
  A human zombie (Vaults:2)
  An ice beast (shapeshifter) (Vaults:5)
  44 ogres
  A snapping turtle skeleton (Crypt:1)
  10 boggarts
  13 crocodiles
  32 wolves
  26 centaurs
  A fire crab zombie (Crypt:3)
  A spriggan simulacrum (Swamp:2)
  4 big kobolds
  Blork the orc (D:4)
  6 earth elementals
  15 bullfrogs
  A spiny frog simulacrum (Swamp:2)
  A water moccasin zombie (D:6)
  A swamp dragon simulacrum (Swamp:2)
  3 troll zombies (Swamp:3)
  6 killer bees
  A raiju skeleton (Crypt:1)
  14 wights
  3 troll skeletons
  A spriggan skeleton (Crypt:1)
  A wolf zombie (Crypt:2)
  3 electric eels
  5 howler monkeys
  2 crimson imps (D:9)
  4 hounds
  9 jellies
  3 bullfrog zombies
  2 gnoll shamans
  An iron imp (Depths:2)
  21 orc priests
  2 bullfrog skeletons
  4 centaur skeletons
  Natasha (thrice) (D:4)
  5 iguanas
  28 orc wizards
  A porcupine zombie (Crypt:2)
  10 worker ants
  A deep dwarf skeleton (Crypt:2)
  A demigod skeleton (Crypt:3)
  12 mummies (Crypt:3)
  A worker ant zombie (D:9)
  A howler monkey skeleton (D:4)
  Robin (D:4)
  6 gnolls
  12 adders
  6 shadow imps
  2 swamp drake simulacra (Swamp:2)
  12 oozes
  A halfling skeleton (Crypt:3)
  A lava snake zombie (Crypt:1)
  3 worms
  A dart slug (D:3)
  3 leopard geckos
  86 orcs
  4 giant cockroaches
  11 goblins
  15 hobgoblins
  3 jackals (D:11)
  4 quokkas
  A ball python (D:2)
  A ball python skeleton (Crypt:3)
  12 bats
  5 frilled lizards
  A gnoll skeleton (Crypt:1)
  A gnoll zombie (Crypt:2)
  24 kobolds
  A leopard gecko skeleton (Crypt:3)
  A quokka skeleton (D:7)
  8 rats
  A rat skeleton (Crypt:2)
  A rat zombie (Crypt:3)
  8 plants
2608 creatures vanquished.

Vanquished Creatures (collateral kills)
  Mara (Spider:3)
  A greater mummy (Zig:5)
  2 Killer Klowns (Zot:5)
  Margery (Crypt:1)
  A curse toe (Crypt:3)
  Xtahua (Crypt:2)
  An electric golem (Zot:5)
  A pandemonium lord (Zig:7)
  2 tentacled monstrosities (Vaults:5)
  8 Orb Guardians (Zot:5)
  An acid blob (Slime:5)
  A sphinx (Vaults:5)
  An eldritch tentacle (Zot:5)
  A storm dragon (Zot:5)
  2 shadow dragons
  2 vault wardens (Vaults:5)
  A frost giant (Vaults:5)
  A caustic shrike zombie (Crypt:2)
  A ghoul (Crypt:1)
  A stone giant (Vaults:5)
  2 white draconians
  A red draconian (Depths:5)
  An ettin (Vaults:5)
  A deep elf death mage (Vaults:2)
  2 fire dragons
  2 yaktaur captains (Vaults:5)
  2 great orbs of eyes
  4 vault guards (Vaults:5)
  4 hydras (Swamp:4)
  3 two-headed ogres
  A death scarab (Zig:5)
  2 deep troll earth magi (Depths:3)
  A spriggan berserker (Depths:3)
  A skeletal warrior (Crypt:2)
  5 hell knights
  2 deep trolls
  2 swamp dragons (Swamp:4)
  A deep elf mage (Vaults:2)
  2 orb spiders
  A wolf spider (Lair:6)
  A shining eye (Slime:5)
  A moth of wrath (Zot:5)
  6 ugly things
  A rust devil (Depths:3)
  2 yaktaurs (Vaults:3)
  A demonic crawler (Spider:3)
  4 jumping spiders
  A guardian mummy (Zig:5)
  A tengu conjurer (Depths:1)
  A hornet (Swamp:4)
  2 tyrant leeches (Swamp:4)
  A spriggan zombie (Zig:5)
  13 redbacks
  A flying skull (Zig:5)
  A spriggan (Swamp:1)
  2 tarantellas
  A wraith (Crypt:2)
  2 ushabtiu (Zig:5)
  A neqoxec (Zig:7)
  A vampire mosquito (Swamp:4)
  A chaos spawn (Depths:3)
  2 insubstantial wisps
  An orc warrior (D:7)
  3 swamp drakes
  2 necrophages (Crypt:1)
  5 ogres
  A yaktaur zombie (Crypt:2)
  3 wights (Crypt:2)
  2 mummies (Zig:5)
  2 gnolls (D:7)
  2 orcs
  A quokka (D:3)
140 creatures vanquished.

Vanquished Creatures (others)
  3 deep elf master archers (Elf:3)
  9 eldritch tentacles
  A tengu reaver (Crypt:1)
  A frost giant (Depths:4)
  A deep elf elementalist (Elf:3)
  A vault warden (Vaults:5)
  A stone giant (Vaults:4)
  An ettin (Vaults:5)
  A deep elf death mage (Vaults:3)
  2 yaktaur captains
  A deep troll earth mage (Vaults:3)
  A deep elf archer (Vaults:1)
  An ugly thing (Vaults:3)
  3 deep elf magi
  A vault sentinel (Vaults:3)
  8 yaktaurs
  A jumping spider (Spider:2)
  A meliai (shapeshifter) (Depths:1)
  A redback (Spider:4)
  3 humans (Swamp:2)
  A tarantella (Vaults:4)
  9 dancing weapons
  An ogre (Vaults:1)
  A bush (Depths:2)
  19 fungi
  43 plants
116 creatures vanquished.

Grand Total: 2864 creatures vanquished

Notes
Turn   | Place    | Note
-------+----------+-------------------------------------------
     0 | D:1      | iamserjio the Octopode Enchanter began the quest for the
                  | Orb.
     0 | D:1      | Reached XP level 1. HP: 11/11 MP: 3/3
   142 | D:1      | Reached skill level 1 in Fighting
   443 | D:1      | Reached XP level 2. HP: 18/18 MP: 5/5
   621 | D:1      | Reached skill level 2 in Fighting
   909 | D:1      | Reached XP level 3. HP: 21/25 MP: 6/6
  1128 | D:1      | Learned a level 3 spell: Confuse
  1320 | D:2      | Reached skill level 3 in Fighting
  1509 | D:2      | Reached XP level 4. HP: 31/31 MP: 7/7
  1784 | D:2      | Noticed Sigmund
  1790 | D:2      | Learned a level 3 spell: Tukima's Dance
  2164 | D:3      | Reached XP level 5. HP: 36/36 MP: 8/8
  2904 | D:3      | Reached skill level 4 in Fighting
  2904 | D:3      | Reached XP level 6. HP: 30/43 MP: 0/9
  2992 | D:3      | Reached skill level 5 in Hexes
  3680 | D:4      | Reached XP level 7. HP: 22/49 MP: 0/10
  4299 | D:4      | Noticed Eustachio
  4308 | D:4      | Killed Eustachio
  4308 | D:4      | Reached skill level 5 in Fighting
  4685 | D:4      | Noticed Blork the orc
  4695 | D:4      | Killed Blork the orc
  4695 | D:4      | Reached XP level 8. HP: 44/56 MP: 2/11
  5106 | D:4      | Noticed Natasha
  5108 | D:4      | Killed Natasha
  5212 | D:4      | Noticed Robin
  5301 | D:4      | Killed Robin
  5352 | D:4      | Noticed Natasha
  5359 | D:4      | Killed Natasha
  5714 | D:5      | Entered Level 5 of the Dungeon
  5725 | D:5      | Found a sparkling altar of Nemelex Xobeh.
  5813 | D:5      | Found a staircase to the Ecumenical Temple.
  5824 | Temple   | Entered the Ecumenical Temple
  6378 | D:5      | Reached skill level 1 in Evocations
  6384 | D:5      | Reached skill level 6 in Fighting
  6384 | D:5      | Reached skill level 1 in Shields
  6942 | D:5      | Found a shimmering altar of Xom.
  7377 | D:6      | Found Busebb's Food Shop.
  7418 | D:6      | Found a radiant altar of Vehumet.
  7427 | D:6      | Found an ornate altar of the Wu Jian Council.
  7430 | D:6      | Found a shattered altar of Ashenzari.
  7432 | D:6      | Found a glowing golden altar of the Shining One.
  7641 | D:6      | Reached XP level 9. HP: 63/63 MP: 14/14
  7745 | D:6      | Reached skill level 7 in Fighting
  8067 | D:6      | Learned a level 3 spell: Regeneration
  9284 | D:7      | Noticed a purple ugly thing
  9573 | D:7      | Reached skill level 8 in Fighting
 10680 | D:7      | Killed a purple ugly thing
 10774 | D:8      | Reached skill level 5 in Dodging
 10774 | D:8      | Reached XP level 10. HP: 51/73 MP: 13/16
 10913 | D:8      | Found a runed translucent door.
 10913 | D:8      | Noticed H0rd4k's ghost (novice DEWz)
 10957 | D:8      | Reached skill level 5 in Evocations
 11201 | D:8      | Found a basalt altar of Yredelemnul.
 11962 | D:9      | Found a staircase to the Orcish Mines.
 12001 | D:9      | Reached skill level 9 in Fighting
 12367 | D:9      | Found a staircase to the Lair.
 12397 | D:9      | Noticed a manticore
 12406 | D:9      | Killed a manticore
 12426 | D:9      | Reached skill level 5 in Maces & Flails
 13222 | D:9      | Found a radiant altar of Vehumet.
 13283 | D:9      | Found a shimmering blue altar of Sif Muna.
 13304 | D:9      | Identified Sif Muna's Collected Works on the Frostbite
 13543 | D:9      | Reached XP level 11. HP: 80/80 MP: 17/17
 13572 | D:9      | Found an iron altar of Okawaru.
 13598 | D:9      | Became a worshipper of Warmaster Okawaru
 14090 | D:4      | Noticed Natasha
 14095 | D:4      | Killed Natasha
 14207 | D:2      | Killed Sigmund
 14400 | D:10     | Entered Level 10 of the Dungeon
 14448 | D:10     | Reached skill level 1 in Invocations
 14774 | D:10     | Noticed a two-headed ogre
 14913 | D:9      | Reached * piety under Okawaru
 15125 | D:10     | Killed a two-headed ogre
 16144 | D:9      | Reached skill level 10 in Fighting
 16155 | D:9      | Reached ** piety under Okawaru
 16670 | D:10     | Found Cihaasch's Antique Weapon Shoppe.
 16678 | D:10     | Bought a bloodstained morningstar for 216 gold pieces
 16678 | D:10     | Identified the +9 morningstar of Ryxiucha {vamp, rN+ Str+4}
                  | (You bought it in a shop on level 10 of the Dungeon)
 16810 | D:10     | Found a blossoming altar of Fedhas.
 17087 | D:10     | Learned a level 3 spell: Mephitic Cloud
 17096 | D:11     | Noticed a cyan ugly thing
 17120 | D:11     | Killed a cyan ugly thing
 17383 | D:11     | Noticed an unseen horror
 17394 | D:11     | Killed an unseen horror
 17437 | D:11     | Reached *** piety under Okawaru
 17452 | D:11     | Noticed a five-headed hydra
 17457 | D:11     | Killed a five-headed hydra
 17472 | D:11     | Reached XP level 12. HP: 62/88 MP: 16/18
 17478 | D:11     | Noticed Harold
 17597 | D:11     | Noticed a two-headed ogre
 17652 | D:11     | HP: 2/88 [red ugly thing (19)]
 17653 | D:11     | Reached skill level 5 in Invocations
 18038 | D:11     | Killed a two-headed ogre
 18038 | D:11     | Reached **** piety under Okawaru
 18669 | D:11     | Found a white marble altar of Elyvilon.
 18705 | D:11     | Killed Harold
 19000 | D:12     | Found a runed translucent door.
 19282 | D:12     | Reached skill level 11 in Fighting
 19796 | D:12     | Found a runed translucent door.
 20326 | D:12     | Found a runed translucent door.
 20328 | D:12     | Noticed a two-headed ogre
 20339 | D:12     | Killed a two-headed ogre
 20416 | D:12     | Found a runed translucent door.
 20623 | D:12     | Learned a level 3 spell: Spectral Weapon
 20701 | Lair:1   | Entered Level 1 of the Lair of Beasts
 21042 | Lair:1   | Reached skill level 1 in Charms
 21042 | Lair:1   | Reached skill level 1 in Necromancy
 21973 | Lair:2   | Reached ***** piety under Okawaru
 22247 | Lair:2   | Reached XP level 13. HP: 81/95 MP: 19/19
 22740 | Lair:2   | Reached skill level 10 in Dodging
 22836 | Lair:2   | Reached skill level 10 in Maces & Flails
 23626 | Lair:3   | Found a runed translucent door.
 23630 | Lair:3   | Noticed zxcv's ghost (journeyman HOMo)
 23643 | Lair:3   | Noticed Rupert
 23790 | Lair:4   | Reached skill level 5 in Spellcasting
 24032 | Lair:4   | Learned a level 1 spell: Confusing Touch
 24104 | Lair:4   | Found a staircase to the Swamp.
 24534 | Lair:4   | Reached skill level 12 in Fighting
 24763 | Lair:4   | Received a gift from Okawaru
 25507 | Lair:4   | Found a hole to the Spider Nest.
 25979 | Lair:5   | Received a gift from Okawaru
 25979 | Lair:5   | Reached XP level 14. HP: 75/104 MP: 20/23
 26929 | Lair:5   | Learned a level 5 spell: Yara's Violent Unravelling
 26930 | Lair:6   | Entered Level 6 of the Lair of Beasts
 27259 | Lair:6   | Found a staircase to the Slime Pits.
 28108 | Lair:6   | Received a gift from Okawaru
 28130 | Lair:6   | Reached skill level 13 in Fighting
 28964 | Lair:6   | Paralysed by a hornet for 1 turns
 29284 | Lair:6   | Paralysed by a hornet for 3 turns
 29638 | Lair:6   | Noticed an azure jelly
 29638 | Lair:6   | Noticed an azure jelly
 29640 | Lair:6   | Noticed an azure jelly
 29644 | Lair:6   | HP: 4/106 [azure jelly (5)]
 30295 | D:13     | Noticed Erolcha
 30296 | D:13     | Paralysed by Erolcha for 3 turns
 30308 | D:13     | Killed Erolcha
 30488 | D:13     | Reached XP level 15. HP: 76/112 MP: 24/24
 30636 | D:13     | Reached skill level 14 in Fighting
 30916 | D:13     | Noticed Snorg
 30930 | D:13     | Killed Snorg
 30958 | D:13     | Reached skill level 5 in Shields
 33192 | D:14     | Received a gift from Okawaru
 33741 | D:14     | Found a gate to the Vaults.
 34267 | D:15     | Entered Level 15 of the Dungeon
 34866 | D:15     | Paralysed by an ogre mage for 3 turns
 35668 | D:15     | Found a shimmering altar of Xom.
 35813 | D:15     | Reached skill level 10 in Shields
 36529 | D:15     | Found a staircase to the Depths.
 36780 | D:8      | Killed H0rd4k's ghost
 36820 | Orc:1    | Entered Level 1 of the Orcish Mines
 36861 | Orc:1    | Reached XP level 16. HP: 102/120 MP: 25/25
 36987 | Orc:1    | Found a runed translucent gate.
 36987 | Orc:1    | Found a runed translucent gate.
 36989 | Orc:1    | Found a runed translucent gate.
 36993 | Orc:1    | Noticed Bigaod's ghost (journeyman DsGl)
 36995 | Orc:1    | Found an iron altar of Okawaru.
 37063 | Orc:2    | Entered Level 2 of the Orcish Mines
 37066 | Orc:2    | Found Ototeup's Antique Weapon Boutique.
 37093 | Orc:2    | Gained mutation: Your body sometimes deteriorates upon
                  | taking damage. [a neqoxec]
 37093 | Orc:2    | Gained mutation: Your body often deteriorates upon taking
                  | damage. [a neqoxec]
 37912 | Orc:2    | Found Fejedu's Magic Scroll Boutique.
 37919 | Orc:2    | Bought a scroll of blinking for 112 gold pieces
 37919 | Orc:2    | Bought a scroll of fog for 30 gold pieces
 37919 | Orc:2    | Bought a scroll of identify for 30 gold pieces
 37970 | Orc:1    | Received a gift from Okawaru
 38328 | Orc:2    | Found Vuredume's Antique Armour Shop.
 38358 | Orc:2    | Found Fekheaq's Jewellery Boutique.
 38392 | Orc:2    | Bought the ring of Arphatwa {Fire rPois Dex+6} for 780 gold
                  | pieces
 38415 | Orc:2    | Found Dousyf's General Store.
 38441 | Orc:2    | Bought a scroll of summoning for 123 gold pieces
 38441 | Orc:2    | Bought a scroll of fog for 26 gold pieces
 38443 | Orc:2    | Found a staircase to the Elven Halls.
 39015 | Orc:1    | Reached skill level 15 in Fighting
 39126 | Orc:1    | Killed Bigaod's ghost
 39319 | D:10     | Bought a crystal flail for 204 gold pieces
 39319 | D:10     | Identified the +9 flail of Qewiesit {drain, +Fly Int+4
                  | SInv} (You bought it in a shop on level 10 of the Dungeon)
 39434 | Orc:2    | Bought the ring "Cuduwky" {rC+ rN+ Int+2} for 646 gold
                  | pieces
 39443 | Orc:2    | Learned a level 3 spell: Dazzling Spray
 39466 | Elf:1    | Entered Level 1 of the Elven Halls
 39494 | Elf:1    | Found a runed translucent gate.
 39494 | Elf:1    | Found a runed translucent gate.
 39494 | Elf:1    | Found a runed translucent gate.
 39510 | Elf:1    | Noticed Linguinho's ghost (adept TrFi)
 39741 | Elf:1    | Reached skill level 1 in Poison Magic
 39750 | Elf:1    | Reached skill level 1 in Conjurations
 39750 | Elf:1    | Reached skill level 1 in Air Magic
 41114 | Elf:1    | Learned a level 6 spell: Invisibility
 41802 | Elf:2    | Found a runed translucent gate.
 41802 | Elf:2    | Found a runed translucent gate.
 41802 | Elf:2    | Found a runed translucent gate.
 42054 | Elf:2    | Reached XP level 17. HP: 91/127 MP: 29/29
 42313 | Elf:2    | Found a runed translucent door.
 42452 | Elf:2    | Noticed WiseOSalty's ghost (adept DsFi)
 42831 | Elf:2    | Received a gift from Okawaru
 42841 | Elf:2    | Reached skill level 10 in Hexes
 43051 | Elf:2    | Noticed a deep elf blademaster
 43070 | Elf:2    | Killed a deep elf blademaster
 43749 | Elf:3    | Entered Level 3 of the Elven Halls
 44018 | Elf:3    | Reached skill level 16 in Fighting
 44771 | Swamp:1  | Entered Level 1 of the Swamp
 44807 | Swamp:1  | Learned a level 4 spell: Animate Dead
 45619 | Swamp:2  | Found a runed translucent gate.
 45620 | Swamp:2  | Found a runed translucent gate.
 45621 | Swamp:2  | Found a runed translucent gate.
 45622 | Swamp:2  | Noticed swinepaste's ghost (journeyman DsMo)
 45796 | Swamp:2  | Received a gift from Okawaru
 45912 | Swamp:2  | Noticed Kirke
 45949 | Swamp:2  | Killed Kirke
 46071 | Swamp:2  | Identified Roxanne's Almanac of Stones
 46071 | Swamp:2  | Noticed Roxanne
 46138 | Swamp:2  | Killed Roxanne
 46278 | Swamp:2  | Reached XP level 18. HP: 137/137 MP: 31/31
 47117 | Swamp:3  | Received a gift from Okawaru
 47132 | Swamp:3  | Reached skill level 17 in Fighting
 47674 | Swamp:3  | Found an opulent altar of Gozag.
 47767 | Swamp:3  | Lost mutation: Your body often deteriorates upon taking
                  | damage. [potion of mutation]
 47767 | Swamp:3  | Lost mutation: Your body sometimes deteriorates upon taking
                  | damage. [potion of mutation]
 47767 | Swamp:3  | Gained mutation: You are weak. (Str -2) [potion of
                  | mutation]
 47767 | Swamp:3  | Gained mutation: You are dopey. (Int -2) [potion of
                  | mutation]
 47767 | Swamp:3  | Gained mutation: You are very dopey. (Int -4) [potion of
                  | mutation]
 47767 | Swamp:3  | Gained mutation: You are partially covered in iridescent
                  | scales. (AC +2) [potion of mutation]
 47818 | Swamp:3  | Found a runed translucent door.
 47819 | Swamp:3  | Noticed RandomHacker's ghost (adept DECj)
 47848 | Swamp:3  | Killed RandomHacker's ghost
 48384 | Swamp:4  | Entered Level 4 of the Swamp
 48757 | Swamp:4  | Reached skill level 10 in Spellcasting
 48852 | Swamp:4  | Noticed Nikola
 48863 | Swamp:4  | Killed Nikola
 49112 | Swamp:4  | Received a gift from Okawaru
 49176 | Swamp:4  | Reached skill level 5 in Necromancy
 49298 | Swamp:4  | Got a decaying rune of Zot
 49616 | Swamp:4  | Reached skill level 18 in Fighting
 49616 | Swamp:4  | Reached XP level 19. HP: 146/146 MP: 33/33
 49617 | Swamp:4  | Reached XP level 20. HP: 154/154 MP: 34/34
 49736 | Spider:1 | Entered Level 1 of the Spider Nest
 50627 | Spider:2 | Noticed Agnes
 50650 | Spider:2 | Killed Agnes
 50855 | Spider:2 | Reached skill level 19 in Fighting
 50864 | Spider:2 | Reached XP level 21. HP: 162/162 MP: 35/35
 51223 | Spider:2 | Received a gift from Okawaru
 51475 | Spider:2 | Got a smoking morningstar {god gift}
 51477 | Spider:2 | Identified a scroll of acquirement
 51477 | Spider:2 | Identified the +7 morningstar of Descent {speed, MR+ Str+2
                  | Dex+3 SInv} (Okawaru gifted it to you on level 2 of the
                  | Spider Nest)
 51602 | Spider:2 | Got a sparkling marble ring
 51604 | Spider:2 | Identified the ring "Ilimuudgh" {Ice Int+5 Dex+3} (You
                  | acquired it on level 2 of the Spider Nest)
 51607 | Spider:3 | Noticed Mara
 51648 | Spider:3 | Killed Mara
 52150 | Spider:3 | Noticed Bai Suzhen
 52170 | Spider:3 | Killed Bai Suzhen
 53196 | Spider:4 | Entered Level 4 of the Spider Nest
 53356 | Spider:4 | Received a gift from Okawaru
 53373 | Spider:4 | Gained mutation: Your magical capacity is low. (-10% MP)
                  | [mutagenic glow]
 53805 | Spider:4 | Received a gift from Okawaru
 53820 | Spider:4 | Reached skill level 15 in Dodging
 54760 | Spider:4 | Got a gossamer rune of Zot
 55432 | Lair:3   | Killed Rupert
 56385 | Elf:3    | Reached skill level 20 in Fighting
 56699 | Elf:3    | Received a gift from Okawaru
 56775 | Elf:3    | Received a gift from Okawaru
 56778 | Elf:3    | Got an ichor-stained hat {god gift}
 56779 | Elf:3    | Identified the +2 hat "Caasuun" {-Cast rC++ Regen+}
                  | (Okawaru gifted it to you on level 3 of the Elven Halls)
 56887 | Elf:3    | Reached XP level 22. HP: 141/171 MP: 27/33
 57183 | Elf:3    | Identified the cursed +1 falchion "Inyalet" {speed, MR+}
 57198 | Elf:3    | Identified the cursed +1 glaive "Upuhobav" {chop, rPois rF+
                  | MR+++ Str-3}
 57481 | Elf:3    | Identified the cursed +1 leather armour "Zusuyh" {rCorr
                  | Str+2}
 58995 | Elf:3    | Identified the +2 plate armour "Joucrus" {rF+ rC+ Int-2}
 58995 | Elf:3    | Identified the ring of Knowledge {Ice *Drain rElec rN+
                  | Stlth+}
 59021 | Elf:3    | Reached skill level 10 in Evocations
 59022 | Elf:3    | Identified the +3 falchion of the King {flame, rN+ MR+
                  | Str-4}
 59073 | Elf:3    | Identified Ysufit's Incunabulum of Shape Shifting and Snow
 59086 | Elf:3    | Identified the Papyrus of Lightness and Attacks
 59193 | Elf:3    | Got a faintly glowing shortbow
 60320 | Elf:2    | Killed WiseOSalty's ghost
 60537 | Elf:1    | Reached skill level 5 in Stealth
 60558 | Elf:1    | Killed Linguinho's ghost
 60797 | Lair:3   | Killed zxcv's ghost
 60995 | Swamp:2  | Killed swinepaste's ghost
 61855 | D:14     | Learned a level 5 spell: Silence
 61862 | D:14     | Learned a level 6 spell: Deflect Missiles
 61865 | D:14     | Learned a level 2 spell: Passwall
 61900 | Vaults:1 | Entered Level 1 of the Vaults
 61968 | Vaults:1 | Received a gift from Okawaru
 62234 | Vaults:1 | Got an ancient dagger {god gift}
 62452 | Vaults:1 | You fall into a shaft and drop 1 floor!
 62507 | Vaults:2 | Found a staircase to the Crypt.
 62773 | Vaults:1 | Identified the +1 dagger of Jitygh {drain, *Rage rF++ rN+++
                  | Str+4} (Okawaru gifted it to you on level 1 of the Vaults)
 62887 | Vaults:1 | Found Exzu Dud's Magic Scroll Shoppe.
 62890 | Vaults:1 | Bought a scroll of identify for 36 gold pieces
 62890 | Vaults:1 | Bought a scroll of identify for 36 gold pieces
 62890 | Vaults:1 | Bought a scroll of fear for 63 gold pieces
 62890 | Vaults:1 | Bought a scroll of identify for 36 gold pieces
 62890 | Vaults:1 | Bought a scroll of identify for 36 gold pieces
 62890 | Vaults:1 | Bought a scroll of fog for 36 gold pieces
 62890 | Vaults:1 | Bought a scroll of magic mapping for 63 gold pieces
 62890 | Vaults:1 | Bought a scroll of magic mapping for 63 gold pieces
 62927 | Vaults:1 | Found Daamin's Magic Scroll Shop.
 62977 | Vaults:1 | Found Udemeofi's Food Shoppe.
 63179 | Vaults:1 | Found Hiqioq Redd's Food Emporium.
 63224 | Vaults:1 | Bought a scroll of summoning for 133 gold pieces
 63224 | Vaults:1 | Bought a scroll of fear for 49 gold pieces
 63224 | Vaults:1 | Bought a scroll of fog for 28 gold pieces
 63224 | Vaults:1 | Bought a scroll of fear for 49 gold pieces
 63252 | Vaults:1 | Received a gift from Okawaru
 63497 | Vaults:1 | Found Anguk's Antique Armour Boutique.
 63858 | Vaults:1 | Reached skill level 21 in Fighting
 63871 | Vaults:1 | Reached XP level 23. HP: 160/180 MP: 33/35
 64980 | Vaults:2 | Received a gift from Okawaru
 65398 | Vaults:2 | Noticed Aizul
 65420 | Vaults:2 | Killed Aizul
 66307 | Vaults:3 | Was placed under penance by Okawaru
 66377 | Vaults:3 | Noticed Asterion
 66395 | Vaults:3 | Killed Asterion
 66395 | Vaults:3 | Reached skill level 10 in Stealth
 66405 | Vaults:3 | Found a magical portal.
 66582 | Vaults:3 | Was forgiven by Okawaru
 66956 | Vaults:3 | Reached skill level 1 in Axes
 67694 | Vaults:3 | Noticed Saint Roka
 67717 | Vaults:3 | Killed Saint Roka
 67717 | Vaults:3 | Received a gift from Okawaru
 68347 | Vaults:3 | Reached skill level 5 in Axes
 68549 | Vaults:3 | Identified the ring "Trusted Companion" {-Tele rElec rF-
                  | rN++ MP+9} (You acquired it on level 3 of the Vaults)
 68851 | Vaults:3 | Found Berul's Armour Boutique.
 68991 | Vaults:4 | Reached XP level 24. HP: 189/189 MP: 35/35
 69007 | Vaults:4 | Received a gift from Okawaru
 69510 | Vaults:4 | Reached skill level 22 in Fighting
 69654 | Vaults:4 | Noticed Jory
 69680 | Vaults:4 | Killed Jory
 71720 | Lair:2   | Learned a level 4 spell: Summon Lightning Spire
 72214 | Lair:6   | Reached skill level 1 in Summonings
 72520 | Lair:6   | Reached skill level 10 in Axes
 72828 | Slime:1  | Entered Level 1 of the Pits of Slime
 73765 | Slime:5  | Entered Level 5 of the Pits of Slime
 73789 | Slime:5  | Received a gift from Okawaru
 73886 | Slime:5  | Identified the +5 demon blade of Twilight {slice, rPois
                  | rF++ Str+4} (Okawaru gifted it to you on level 5 of the
                  | Pits of Slime)
 74538 | Slime:5  | Found a viscous altar of Jiyva.
 74541 | Slime:5  | Noticed the Royal Jelly
 74567 | Slime:5  | Killed the Royal Jelly
 75069 | Slime:5  | Reached XP level 25. HP: 165/195 MP: 35/35
 75234 | Slime:5  | Identified the +2 buckler of Jeytsash {+Blink rC- Int+5
                  | Dex+3} (You found it on level 5 of the Pits of Slime)
 75241 | Slime:5  | Got a slimy rune of Zot
 75516 | Slime:5  | Identified the +10 long sword "Baifuof" {holy, +Rage MR+++
                  | Int-4 Dex-4} (You found it on level 5 of the Pits of Slime)
 75797 | Depths:1 | Entered Level 1 of the Depths
 76403 | Depths:1 | Got a polished morningstar
 76657 | Depths:1 | Identified the +3 morningstar of the Ten Stories {crush,
                  | rElec rF+} (You found it on level 1 of the Depths)
 76674 | Depths:1 | Got a translucent fustibalus
 76907 | Depths:1 | Found a gateway to Hell.
 76995 | Depths:1 | Reached skill level 15 in Evocations
 77578 | Depths:2 | Learned a level 1 spell: Summon Butterflies
 77710 | Depths:2 | Received a gift from Okawaru
 77799 | Depths:2 | Identified the Almanac of Displacement
 77807 | Depths:2 | Learned a level 5 spell: Summon Forest
 77908 | Depths:2 | Reached skill level 1 in Translocations
 79963 | Depths:2 | Reached skill level 5 in Summonings
 80046 | Depths:2 | Found a one-way gate to the infinite horrors of the Abyss.
 80187 | Depths:3 | Reached skill level 5 in Translocations
 80592 | Depths:3 | Reached XP level 26. HP: 201/201 MP: 35/35
 81318 | Depths:3 | Identified the +5 scimitar "Hutez" {slice, rElec rF- rC+}
 81558 | Depths:3 | Found a gateway to a ziggurat.
 81593 | Depths:3 | Found a one-way gate leading to the halls of Pandemonium.
 81790 | Depths:3 | Received a gift from Okawaru
 82179 | Depths:3 | Found a runed translucent gate.
 82179 | Depths:3 | Found a runed translucent gate.
 82179 | Depths:3 | Noticed GrandCleric's ghost (veteran MiFi)
 82180 | Depths:3 | Found a runed translucent gate.
 82264 | Depths:3 | Killed GrandCleric's ghost
 82264 | Depths:3 | Reached skill level 10 in Summonings
 82309 | Depths:3 | Identified the ring of Xowati {rC+ Slay+5} (You found it on
                  | level 3 of the Depths)
 82490 | Depths:3 | Upgraded the game from 0.24.0-35-gdb84b6a5db to
                  | 0.24.0-37-gcf1ca852f1
 85242 | Depths:4 | Noticed a juggernaut
 86346 | Depths:4 | Identified Puol's Disquisition on Dislocation and Curses
 86401 | Depths:4 | Killed a juggernaut
 86401 | Depths:4 | Received a gift from Okawaru
 86406 | Depths:4 | Identified the +0 hat of Jigsaw {*Slow Regen+ Dex+2}
                  | (Okawaru gifted it to you on level 4 of the Depths)
 86520 | Depths:4 | Reached XP level 27. HP: 200/206 MP: 35/35
 87074 | Depths:5 | Entered Level 5 of the Depths
 87074 | Depths:5 | Noticed a juggernaut
 87099 | Depths:5 | Killed a juggernaut
 87323 | Depths:5 | Found a gate to the Realm of Zot.
 87887 | Depths:5 | Noticed a juggernaut
 87913 | Depths:5 | Killed a juggernaut
 89205 | Depths:4 | Learned a level 7 spell: Monstrous Menagerie
 89213 | Depths:4 | Learned a level 7 spell: Summon Greater Demon
 89527 | Vaults:5 | Entered Level 5 of the Vaults
 89685 | Vaults:5 | Received a gift from Okawaru
 89764 | Vaults:5 | Identified the Papyrus of Fire and Summoning
 89845 | Vaults:5 | Identified the +8 chain mail of Ethics {Stlth+}
 89925 | Vaults:5 | Reached skill level 5 in Charms
 89942 | Vaults:5 | Reached skill level 10 in Translocations
 89946 | Vaults:5 | Reached skill level 5 in Air Magic
 90384 | Vaults:5 | Identified the Tome of Quantum Necromancy
 91527 | Vaults:5 | Noticed an ancient lich
 91539 | Vaults:5 | Killed an ancient lich
 91747 | Vaults:5 | Identified Sif Muna's Collected Works on the Escort
 91750 | Vaults:5 | Got a silver rune of Zot
 91799 | Vaults:5 | Received a gift from Okawaru
 91820 | Vaults:5 | Identified the +1 hat of the Butterfly {rF+ Stlth+}
                  | (Okawaru gifted it to you on level 5 of the Vaults)
 93761 | Vaults:1 | Bought a scroll of amnesia for 63 gold pieces
 93772 | Vaults:1 | Learned a level 7 spell: Malign Gateway
 93949 | Orc:1    | Learned a level 6 spell: Shadow Creatures
 94564 | Crypt:1  | Entered Level 1 of the Crypt
 94567 | Crypt:1  | Noticed Sojobo
 94636 | Crypt:1  | Killed Margery
 95086 | Crypt:1  | Identified the +8 flail of Makhleb's Vengeance {crush, rF+}
                  | (You found it on level 1 of the Crypt)
 95439 | Crypt:1  | Killed Sojobo
 96199 | Crypt:2  | Noticed Xtahua
 96209 | Crypt:2  | Killed Xtahua
 97225 | Crypt:2  | Received a gift from Okawaru
 97338 | Crypt:2  | Reached skill level 15 in Summonings
 97675 | Crypt:3  | Entered Level 3 of the Crypt
 97675 | Crypt:3  | Found an ancient bone altar of Kikubaaqudgha.
 98674 | Crypt:3  | Found a staircase to the Tomb.
 98877 | Crypt:3  | Identified the +7 trident of Youthful Indiscretion {pierce,
                  | rF+}
 99534 | Crypt:3  | Identified the ring "Furhyipe" {rF+ Dex+2 Stlth+}
 99967 | Crypt:3  | Received a gift from Okawaru
 99970 | Crypt:3  | Identified the +9 mace of the Spheres {drain, *Rage rC++
                  | Str+3} (Okawaru gifted it to you on level 3 of the Crypt)
100272 | Crypt:3  | Found an ancient bone altar of Kikubaaqudgha.
100700 | Crypt:3  | Found a basalt altar of Yredelemnul.
100730 | Crypt:3  | Identified the +8 dagger of Peumoykh {drain, rF- rC++ rN+}
                  | (You found it on level 3 of the Crypt)
100754 | Crypt:3  | Identified the ring of the Saviour {rC+ rN+ Dex-5 Stlth+}
                  | (You found it on level 3 of the Crypt)
100755 | Crypt:3  | Identified the ring "Uskyiqyi" {rN+ Dex+2 Stlth+} (You
                  | found it on level 3 of the Crypt)
101075 | Orc:2    | Bought a potion of ambrosia for 104 gold pieces
101075 | Orc:2    | Bought a potion of ambrosia for 104 gold pieces
101091 | Orc:2    | Bought the ring of Utechavi {Fire +Blink rN++} for 792 gold
                  | pieces
101149 | Orc:2    | Bought a scroll of teleportation for 45 gold pieces
101149 | Orc:2    | Bought a scroll of amnesia for 52 gold pieces
101149 | Orc:2    | Bought a scroll of teleportation for 45 gold pieces
101293 | Elf:3    | Learned a level 8 spell: Summon Horrible Things
101296 | Elf:3    | Learned a level 2 spell: Blink
101639 | Zig:1    | Entered Level 1 of a ziggurat
101660 | Zig:2    | Entered Level 2 of a ziggurat
101682 | Zig:3    | Entered Level 3 of a ziggurat
101724 | Zig:4    | Entered Level 4 of a ziggurat
101769 | Zig:5    | Entered Level 5 of a ziggurat
101774 | Zig:5    | Noticed a greater mummy
101789 | Zig:5    | Killed a greater mummy
101804 | Zig:5    | Identified the Collected Works on Creation and Ignition
101806 | Zig:5    | Identified the Handbook of Excruciating Ice
101807 | Zig:5    | Identified Jotucweg's Handbook of Mutagenic Venom
101874 | Zig:5    | Got a glittering bone ring
101879 | Zig:5    | Identified the ring of the Mackerel {*Drain rF+ MP+9 Str+6}
                  | (You found it on level 5 of a ziggurat)
101913 | Zig:6    | Entered Level 6 of a ziggurat
101943 | Zig:6    | Identified the Reference Book on Ignition
101961 | Zig:7    | Entered Level 7 of a ziggurat
101969 | Zig:7    | Noticed Hauqoiv the pandemonium lord
101973 | Zig:7    | Gained mutation: You tend to lose your temper in combat. [a
                  | cacodemon]
102006 | Zig:7    | Killed Hauqoiv the pandemonium lord
102658 | Zot:1    | Entered Level 1 of the Realm of Zot
102946 | Zot:1    | Reached skill level 1 in Transmutations
102997 | Zot:1    | Reached skill level 1 in Earth Magic
103351 | Zot:1    | Noticed an orb of fire
103379 | Zot:1    | Killed an orb of fire
103497 | Zot:2    | Received a gift from Okawaru
104044 | Zot:5    | Entered Level 5 of the Realm of Zot
104126 | Zot:5    | Reached skill level 5 in Earth Magic
104132 | Zot:5    | Reached skill level 5 in Transmutations
105018 | Zot:5    | Reached skill level 15 in Translocations
105191 | Zot:5    | Received a gift from Okawaru
105198 | Zot:5    | Got a pitted shield {god gift}
105199 | Zot:5    | Identified the +5 shield of the Five People {Stlth+}
                  | (Okawaru gifted it to you on level 5 of the Realm of Zot)
105249 | Zot:5    | Lost mutation: You are weak. (Str -2) [potion of mutation]
105249 | Zot:5    | Lost mutation: You are very dopey. (Int -4) [potion of
                  | mutation]
105249 | Zot:5    | Gained mutation: Your flesh is heat resistant. (rF+)
                  | [potion of mutation]
105249 | Zot:5    | Gained mutation: You evolve. [potion of mutation]
105473 | Zot:5    | Noticed an orb of fire
105480 | Zot:5    | Killed an orb of fire
105487 | Zot:5    | Noticed an ancient lich
105490 | Zot:5    | Killed an ancient lich
105490 | Zot:5    | Reached ****** piety under Okawaru
105506 | Zot:5    | Noticed an orb of fire
105507 | Zot:5    | Gained mutation: Your magical capacity is very low. (-20%
                  | MP) [an orb of fire]
105519 | Zot:5    | Killed an orb of fire
105534 | Zot:5    | Noticed an orb of fire
105547 | Zot:5    | Killed an orb of fire
105570 | Zot:5    | Reached skill level 15 in Axes
105586 | Zot:5    | Noticed an ancient lich
105594 | Zot:5    | Killed an ancient lich
105603 | Zot:5    | Noticed an ancient lich
105608 | Zot:5    | Killed an ancient lich
105731 | Zot:5    | Noticed an ancient lich
105736 | Zot:5    | Killed an ancient lich
105959 | Zot:5    | Received a gift from Okawaru
106352 | Zot:5    | Gained mutation: You rapidly evolve. [evolution]
106352 | Zot:5    | Lost mutation: You rapidly evolve. [decline of evolution]
106853 | Zot:5    | Noticed an ancient lich
106861 | Zot:5    | Killed an ancient lich
107774 | Zot:5    | Got the Orb of Zot
107796 | Zot:4    | Noticed Mocoar the pandemonium lord
107815 | Zot:4    | Killed Mocoar the pandemonium lord
107815 | Zot:4    | Received a gift from Okawaru
107819 | Zot:4    | Noticed Liqoh the pandemonium lord
108365 | D:$      | Escaped with the Orb!

Levels and vault maps discovered:
D:1:      minmay_arrival_pointy, layout_rooms
D:2:      layout_loops_ring, uniq_sigmund
D:3:      layout_loops_cross
D:4:      layout_basic, first_ration, uniq_eustachio, uniq_robin, uniq_natasha,
          uniq_blork_the_orc
D:5:      layout_loops_corners, lemuel_coloured_pillars_altar, temple_statues,
          nemelex_xobeh_ov_fountains_minmay
D:6:      layout_rooms, minitemple, serial_shops,
          nicolae_shop_temple_entry_statues_fountains
D:7:      layout_basic, the_bakery
D:8:      layout_cave_pools, old_standard_altar, ebering_ghost_reflecting_pool
D:9:      minmay_weird_star, layout_rooms, led_sif_book, kennysheep_little_box,
          orc_0_dummy, basic_altar
D:10:     layout_cave_pools, serial_shops, nicolae_shop_crystal, ldierk_geyser,
          minmay_crystal_room, chequers_serial_rivers_micro_e, fedhas_altar_3
D:11:     layout_long_grid, basic_altar, uniq_harold
D:12:     layout_basic, serial_bayou_ford_a, minmay_statue_crystal_thing
D:13:     layout_loops_ring, uniq_erolcha, uniq_snorg
D:14:     layout_loops_cross, grunt_vaults_entry_tiered,
          minmay_misc_feat_four_crosses
D:15:     grunt_enter_depths_hoard, layout_loops_ring, nicolae_two_hexagons,
          minivault_25, brannock_xom_greatest_gift
Temple:   nicolae_temple_great_sept
Lair:1:   layout_layer_cave, chequers_serial_rivers_micro_e
Lair:2:   layout_concentric_octagons, beast_lair_carwin_9
Lair:3:   layout_hall_layers, ebering_ghost_reflecting_pool, uniq_rupert
Lair:4:   layout_cave_pods, minmay_swamp_entry_reptiles,
          spider_nest_entry_funnel_web, minmay_lair_oklob_chamber,
          lemuel_fruit_fields
Lair:5:   layout_small_grid, grunt_megastairs_5
Lair:6:   hangedman_lair_caniforms_friends, layout_cave_shapes,
          hangedman_lair_tendril_chambers, nicolae_slime_entry_slimehenge,
          special_room [special_room_jelly]
Swamp:1:  layout_basic_swamp, nicolae_swamp_treefoil
Swamp:2:  layout_basic_swamp, gammafunk_ghost_necromancy,
          evilmike_swamp_ruin_house_2, swamp_pool2, hangedman_swamp_pad,
          nicolae_swamp_dense_foliage, uniq_roxanne, uniq_kirke
Swamp:3:  layout_basic_swamp, ebering_ghost_inner_flame, lemuel_altar_in_water,
          cheibrodos_swamp_minitomb
Swamp:4:  swamp, layout_basic_swamp, uniq_nikola
Spider:1: layout_spider_delve
Spider:2: layout_spider_delve, uniq_agnes
Spider:3: layout_spider_delve, uniq_mara, uniq_bai_suzhen
Spider:4: grunt_spider_rune_circles
Slime:1:  layout_caves
Slime:2:  layout_caves, uniq_dissolution
Slime:3:  layout_caves
Slime:4:  layout_caves
Slime:5
Orc:1:    layout_diamond_mine, gammafunk_ghost_fury_of_okawaru,
          nicolae_orc_rockfall
Orc:2:    grunt_orc_gardens, layout_caves, grunt_orc_garden, grunt_orc_garden,
          grunt_orc_garden, grunt_orc_garden, serial_shops, shop
Elf:1:    layout_geoelf_octagon, gammafunk_ghost_split, evilmike_minifort
Elf:2:    layout_loops_corners, ebering_ghost_inner_flame, grunt_ministairs_14
Elf:3:    minmay_elf_hall, layout_geoelf_castle, st_stairs_7
Vaults:1: nicolae_vaults_know_your_exits, v_misc_18,
          nicolae_vaults_little_squares_2, vaults_room_boxed,
          grunt_vaults_hallway_long, v_misc_4, v_pattern_5,
          ontoclasm_vaults_twist, ontoclasm_vaults_misaligned,
          layout_vaults_maze_snakey, serial_shops, shop_scrolls, shop_statue,
          shop, nicolae_shop_waterfront, shop
Vaults:2: nicolae_vaults_little_squares_6, ontoclasm_vaults_fault, v_misc_18,
          nicolae_vaults_network_star, grunt_vaults_hallway_short,
          minmay_crypt_entry_simple_statues, ontoclasm_vaults_gateway,
          layout_vaults_quadrants, uniq_aizul
Vaults:3: hangedman_vaults_nails, ontoclasm_vaults_loading_screen,
          ontoclasm_vaults_ring_large, hangedman_vaults_river_flow,
          hangedman_vaults_stream, vaults_mumra_chevron_long, v_pattern_1,
          hangedman_vaults_stitches, v_misc_11, ontoclasm_vaults_pinch,
          ontoclasm_vaults_decontamination, layout_vaults_omnibox, serial_shops,
          shop, mu_enter_wizlab_6, uniq_saint_roka, uniq_asterion
Vaults:4: v_misc_1, v_misc_4, nicolae_vaults_what_the_h,
          dpeg_vaults_monster_box, hangedman_vaults_stretched_pinwheel,
          ontoclasm_vaults_misaligned, v_misc_18, grunt_vaults_funnel,
          vaults_dpeg_diagonal, grunt_vaults_hallway_short,
          grunt_vaults_hallway_short, layout_vaults_chaotic_city, uniq_jory
Vaults:5: serial_shops
Crypt:1:  layout_gridlike, uniq_margery, uniq_sojobo
Crypt:2:  statuecave_lemuel, layout_chaotic_city, uniq_xtahua
Crypt:3:  lightli_unholy_cathedral, layout_chaotic_city,
          nicolae_tomb_entry_unfolded_pyramid_orthogonal, basic_altar,
          minivault_26
Depths:1: minmay_stepped, layout_cave_pools, lightli_too_deep,
          serial_bayou_pond_d, serial_bayou_pond_c, minmay_misc_feat_room,
          kennysheep_generic_room_3
Depths:2: hangedman_hanging_gardens, layout_basic,
          chequers_serial_rivers_micro_a, grunt_hell_entry_dis_mu,
          serial_aquarium, aquarium_bridge_straight [aquarium_subvault_bridge,
          aquarium_subvault_wall, aquarium_subvault_bridge,
          aquarium_subvault_wall], aquarium_window_1, aquarium_window_fake,
          aquarium_view_2a, aquarium_balcony_3a, abyss_entry,
          hangedman_research_quantum
Depths:3: kennysheep_green_arena, layout_twisted_cross, enter_ziggurat_e,
          rand_demon_pan_entry_5, gammafunk_ghost_ooze, hangedman_decor_lopped,
          hell_entry, infiniplex_staircase_door_maze, serial_bayou_shore_a
Depths:4: cheibrodos_spurs, layout_basic, minivault_11, hell_entry, abyss_entry,
          lightli_corner_chamber
Depths:5: grunt_zot_entry_tricorne, layout_basic, pf_hell_entry_tar_river
Zot:1:    layout_gridlike, grunt_ministairs_11, grunt_megastairs_3
Zot:2:    gammafunk_its_a_trap, layout_gridlike
Zot:3:    layout_misc_corridors, hangedman_zot_spectrum
Zot:4:    layout_onion_interference
Zot:5:    layout_gridlike

Skill      XL: |  1  2  3  4  5  6  7  8  9 10 11 12 13 14 15 16 17 18 19 20 21 22 23 24 25 26 27 |
---------------+----------------------------------------------------------------------------------+-----
Fighting       | 1 2 3 4 5 6 8 9 10 11 12 13 14 15 16 18 19 20 21 22 | 22.0
Short Blades   | 2 |  2.0
Hexes          | 4 5 6 7 9 11 12 | 12.0
Evocations     | 2 4 6 8 11 13 16 17 18 | 18.7
Shields        | 2 10 13 | 13.0
Spellcasting   | 3 4 6 8 9 10 11 12 14 | 14.0
Dodging        | 3 5 6 8 9 11 13 14 15 16 18 | 18.0
Maces & Flails | 2 6 8 9 10 12 | 12.0
Invocations    | 4 5 6 7 8 9 |  9.0
Charms         | 1 3 4 6 |  6.7
Necromancy     | 2 3 4 5 |  5.0
Poison Magic   | 1 |  1.0
Conjurations   | 1 |  1.0
Air Magic      | 2 7 |  7.0
Stealth        | 7 10 | 10.2
Axes           | 5 11 12 16 | 16.8
Summonings     | 2 6 11 15 | 15.0
Translocations | 5 7 15 | 15.0
Transmutations | 9 |  9.4
Earth Magic    | 9 |  9.0

Action                   |  1- 3 |  4- 6 |  7- 9 | 10-12 | 13-15 | 16-18 | 19-21 | 22-24 | 25-27 || total
-------------------------+-------+-------+-------+-------+-------+-------+-------+-------+-------++-------
Melee: Short sword       |    60 |    84 |     9 |       |       |       |       |       |       ||   153
       Constrict         |    19 |    24 |    52 |    68 |   135 |   171 |   149 |   240 |   366 ||  1224
       Dagger            |     4 |    13 |   220 |       |       |       |       |       |       ||   237
       Tentacles         |     7 |    11 |    48 |   129 |   277 |   383 |   294 |   887 |  1442 ||  3478
       Flail             |       |       |    17 |   343 |       |       |       |       |       ||   360
       Morningstar       |       |       |       |   305 |  1103 |  1184 |   733 |  1972 |  1058 ||  6355
       Punch             |       |       |       |     6 |    32 |    29 |    45 |    82 |   152 ||   346
       Broad axe         |       |       |       |       |       |       |       |   147 |  2409 ||  2556
Throw: Javelin           |    12 |     3 |     4 |       |       |       |       |       |       ||    19
       Throwing net      |       |       |       |       |       |       |       |     2 |     3 ||     5
       Dart              |       |       |       |       |       |       |       |       |     8 ||     8
 Cast: Corona            |     4 |       |       |       |       |       |       |       |       ||     4
       Confuse           |     2 |    13 |    38 |    61 |    12 |       |       |       |       ||   126
       Tukima's Dance    |       |    10 |    29 |    10 |     3 |       |       |       |       ||    52
       Regeneration      |       |       |       |     1 |       |     6 |       |    22 |    88 ||   117
       Animate Dead      |       |       |       |       |       |    22 |     9 |    20 |    24 ||    75
       Invisibility      |       |       |       |       |       |     6 |    12 |    14 |     7 ||    39
       Mephitic Cloud    |       |       |       |       |       |       |     3 |       |       ||     3
       Confusing Touch   |       |       |       |       |       |       |     1 |       |     1 ||     2
       Summon Lightning  |       |       |       |       |       |       |       |     2 |     1 ||     3
       Silence           |       |       |       |       |       |       |       |     1 |     4 ||     5
       Shadow Creatures  |       |       |       |       |       |       |       |       |    12 ||    12
       Summon Greater De |       |       |       |       |       |       |       |       |    11 ||    11
       Malign Gateway    |       |       |       |       |       |       |       |       |    10 ||    10
       Deflect Missiles  |       |       |       |       |       |       |       |       |     3 ||     3
       Passwall          |       |       |       |       |       |       |       |       |     3 ||     3
       Blink             |       |       |       |       |       |       |       |       |     3 ||     3
       Summon Butterflie |       |       |       |       |       |       |       |       |     1 ||     1
       Summon Horrible T |       |       |       |       |       |       |       |       |     1 ||     1
       Monstrous Menager |       |       |       |       |       |       |       |       |     1 ||     1
Invok: Heroism           |       |       |       |    10 |    51 |    52 |    26 |    52 |    88 ||   279
       Finesse           |       |       |       |       |       |     2 |     2 |     4 |    15 ||    23
 Abil: Evoke Flight      |       |       |       |     5 |       |       |       |       |       ||     5
Evoke: Wand              |       |     4 |     6 |    11 |    41 |     5 |     7 |     1 |    25 ||   100
       Lamp of fire      |       |       |       |       |     1 |     1 |       |     4 |       ||     6
       Phial of floods   |       |       |       |       |     1 |       |       |       |     3 ||     4
       Phantom mirror    |       |       |       |       |       |       |       |     1 |       ||     1
  Use: Scroll            |     4 |     2 |     6 |     3 |    14 |    16 |     5 |    21 |    52 ||   123
       Potion            |       |     2 |       |       |     2 |     6 |     4 |     2 |    14 ||    30
 Stab: Sleeping          |     5 |     8 |    14 |    20 |    24 |    51 |    16 |    24 |    48 ||   210
       Confused          |     1 |     3 |     8 |    23 |     2 |       |       |       |     1 ||    38
       Distracted        |     1 |     1 |       |     1 |     5 |    11 |     5 |    11 |    26 ||    61
       Paralysed         |       |       |       |       |     2 |       |       |       |       ||     2
       Invisible         |       |       |       |       |       |    35 |   105 |   126 |   111 ||   377
       Held in net/web   |       |       |       |       |       |       |     1 |     8 |     5 ||    14
       Petrified         |       |       |       |       |       |       |       |       |     2 ||     2
  Eat: Chunk             |     2 |     9 |    24 |    23 |    37 |    38 |    13 |    33 |    22 ||   201
       Ration            |       |       |     1 |     7 |     3 |     2 |     4 |     9 |    31 ||    57
Armor: Skin              |    11 |     2 |     4 |    20 |    42 |    14 |     9 |    35 |    74 ||   211
Dodge: Dodged            |    32 |    36 |    98 |   448 |   906 |   609 |   612 |  1011 |  2019 ||  5771
       Deflected         |       |       |       |       |       |       |       |       |    16 ||    16
Block: Buckler           |       |       |    17 |    90 |   242 |       |       |       |       ||   349
       Shield            |       |       |       |       |    81 |   734 |   653 |  1265 |  2346 ||  5079
       Reflection        |       |       |       |       |       |    21 |     5 |    66 |    61 ||   153
